[ AOE2 MATCH · #504796103 ]
UnrankedRomans vs Mongols
Player's team · LOSS
Rival team · WIN
[ REPLAY ANALYSIS · EXTRACTED FROM THE RECORDED GAME ]
Feudal
8:52
Castle
35:24
Imperial
—
| APM avg | 55.8 |
| APM peak | 87 |
| eAPM avg | 25.3 |
| Villagers / military | 82 / 33 |
Focus
⚔️ 43.6% · 🌾 56.4%
Militia ×25 · Spearman ×8
Feudal
8:51
Castle
30:31
Imperial
—
| APM avg | 61.8 |
| APM peak | 88 |
| eAPM avg | 23.7 |
| Villagers / military | 75 / 40 |
Focus
⚔️ 35.9% · 🌾 64.1%
Archer ×28 · Scout Cavalry ×8 · Mangudai ×2 · Spearman ×2
Match map
Initial resources + every placement click. Lines = walls · curves = elevation contours. ◆ gold · ⬟ stone · ● berries · ✦ relic · ◌ wall gap
Your base· Open — unwalled flank
Gabi's base· Open — unwalled flank
Smoothed initial terrain · ◌ = detected wall gap · hover for details
Inputs per minute
— mentalist_ - - Gabi
Build order — mentalist_
First 150 of 191 actions detected
| 0:00 | Create | Villager (Male) |
| 0:00 | Create | Villager (Male) |
| 0:02 | Build | House |
| 0:02 | Create | Villager (Male) |
| 0:03 | Build | House |
| 0:08 | Create | Villager (Male) |
| 1:25 | Create | Villager (Male) |
| 1:52 | Create | Villager (Male) |
| 2:17 | Create | Villager (Male) |
| 2:31 | Create | Villager (Male) |
| 2:51 | Create | Villager (Male) |
| 3:10 | Build | Lumber Camp |
| 3:19 | Create | Villager (Male) |
| 3:42 | Create | Villager (Male) |
| 4:08 | Build | House |
| 4:37 | Create | Villager (Male) |
| 4:39 | Create | Villager (Male) |
| 5:06 | Build | House |
| 5:11 | Create | Villager (Male) |
| 5:38 | Build | Mill |
| 5:45 | Create | Villager (Male) |
| 6:08 | Research | Loom |
| 6:08 | Research | Loom |
| 6:39 | Research | Feudal Age |
| 7:50 | Build | Barracks |
| 8:22 | Build | Mining Camp |
| 8:29 | Build | Barracks |
| 8:34 | Build | Barracks |
| 8:49 | Create | Villager (Male) |
| 8:49 | Create | Villager (Male) |
| 8:52 | Age | Feudal Age |
| 8:54 | Research | Double-Bit Axe |
| 9:07 | Create | Militia |
| 9:07 | Create | Militia |
| 9:07 | Create | Militia |
| 9:25 | Create | Villager (Male) |
| 9:31 | Create | Villager (Male) |
| 9:41 | Build | Mill |
| 9:44 | Research | Man-at-Arms (upgrade) |
| 10:00 | Create | Villager (Male) |
| 10:06 | Build | Lumber Camp |
| 10:09 | Build | House |
| 10:23 | Build | Blacksmith |
| 10:42 | Create | Spearman |
| 10:47 | Build | House |
| 11:01 | Build | Farm |
| 11:10 | Research | Scale Mail Armor |
| 11:10 | Research | Scale Mail Armor |
| 11:12 | Build | Farm |
| 11:13 | Create | Villager (Male) |
| 11:33 | Build | Farm |
| 11:55 | Create | Villager (Male) |
| 12:04 | Build | Farm |
| 12:05 | Build | Farm |
| 12:06 | Create | Spearman |
| 12:11 | Build | Farm |
| 12:22 | Create | Villager (Male) |
| 12:27 | Build | Farm |
| 12:30 | Build | Palisade Wall |
| 12:31 | Build | Palisade Wall |
| 12:31 | Build | Palisade Wall |
| 12:41 | Create | Spearman |
| 12:44 | Build | House |
| 12:49 | Create | Spearman |
| 12:53 | Build | House |
| 12:54 | Create | Villager (Male) |
| 12:54 | Create | Villager (Male) |
| 13:00 | Build | Farm |
| 13:12 | Create | Spearman |
| 13:18 | Create | Villager (Male) |
| 13:44 | Create | Villager (Male) |
| 13:48 | Build | Farm |
| 13:50 | Build | Farm |
| 13:53 | Build | Farm |
| 13:53 | Create | Villager (Male) |
| 14:10 | Create | Militia |
| 14:17 | Build | Watch Tower |
| 14:21 | Create | Villager (Male) |
| 14:30 | Build | Lumber Camp |
| 14:35 | Create | Militia |
| 14:42 | Create | Villager (Male) |
| 14:55 | Create | Spearman |
| 15:12 | Create | Villager (Male) |
| 15:29 | Create | Villager (Male) |
| 15:32 | Build | Watch Tower |
| 15:54 | Create | Villager (Male) |
| 15:58 | Create | Militia |
| 15:58 | Create | Militia |
| 15:59 | Create | Militia |
| 16:06 | Create | Villager (Male) |
| 16:16 | Build | Mining Camp |
| 16:19 | Create | Militia |
| 16:28 | Create | Militia |
| 17:00 | Create | Villager (Male) |
| 17:12 | Create | Villager (Male) |
| 17:23 | Create | Villager (Male) |
| 17:41 | Build | Watch Tower |
| 17:43 | Create | Villager (Male) |
| 17:46 | Create | Spearman |
| 17:46 | Create | Spearman |
| 17:58 | Build | House |
| 18:09 | Research | Wheelbarrow |
| 18:22 | Create | Villager (Male) |
| 18:25 | Build | House |
| 18:26 | Create | Villager (Male) |
| 18:33 | Create | Militia |
| 18:51 | Build | Watch Tower |
| 18:54 | Build | Farm |
| 19:04 | Create | Villager (Male) |
| 19:25 | Build | House |
| 19:31 | Create | Villager (Male) |
| 19:39 | Create | Villager (Male) |
| 19:51 | Research | Fletching |
| 19:51 | Research | Fletching |
| 20:03 | Create | Villager (Male) |
| 20:04 | Create | Militia |
| 20:04 | Create | Militia |
| 20:17 | Create | Villager (Male) |
| 20:26 | Build | Watch Tower |
| 20:30 | Create | Villager (Male) |
| 21:02 | Create | Militia |
| 21:06 | Create | Villager (Male) |
| 21:06 | Create | Villager (Male) |
| 21:22 | Create | Villager (Male) |
| 21:24 | Create | Villager (Male) |
| 21:25 | Create | Militia |
| 21:39 | Create | Villager (Male) |
| 21:43 | Build | Farm |
| 21:48 | Create | Militia |
| 21:52 | Create | Villager (Male) |
| 21:54 | Build | Watch Tower |
| 21:59 | Build | House |
| 22:00 | Build | Palisade Wall |
| 22:14 | Create | Villager (Male) |
| 22:26 | Create | Villager (Male) |
| 22:31 | Create | Militia |
| 22:38 | Build | House |
| 22:40 | Create | Militia |
| 22:41 | Build | House |
| 22:55 | Build | House |
| 22:58 | Create | Villager (Male) |
| 23:13 | Create | Militia |
| 23:34 | Create | Villager (Male) |
| 23:46 | Create | Villager (Male) |
| 23:46 | Create | Villager (Male) |
| 24:01 | Create | Villager (Male) |
| 24:14 | Create | Villager (Male) |
| 24:16 | Build | Farm |
| 24:23 | Create | Villager (Male) |
| 24:35 | Create | Militia |
Build order — Gabi
First 150 of 214 actions detected
| 0:01 | Create | Villager (Male) |
| 0:01 | Create | Villager (Male) |
| 0:01 | Create | Villager (Male) |
| 0:02 | Build | House |
| 0:03 | Build | House |
| 0:24 | Create | Villager (Male) |
| 1:32 | Create | Villager (Male) |
| 1:53 | Build | Mill |
| 2:01 | Create | Villager (Male) |
| 2:25 | Create | Villager (Male) |
| 2:25 | Create | Villager (Male) |
| 2:36 | Build | House |
| 2:49 | Create | Villager (Male) |
| 3:13 | Create | Villager (Male) |
| 3:31 | Create | Villager (Male) |
| 4:03 | Create | Villager (Male) |
| 4:04 | Create | Villager (Male) |
| 4:04 | Create | Villager (Male) |
| 4:37 | Create | Villager (Male) |
| 4:37 | Create | Villager (Male) |
| 4:58 | Create | Villager (Male) |
| 5:28 | Create | Villager (Male) |
| 5:39 | Create | Villager (Male) |
| 5:59 | Build | Lumber Camp |
| 6:12 | Research | Loom |
| 6:39 | Research | Feudal Age |
| 7:44 | Build | Barracks |
| 8:27 | Build | House |
| 8:45 | Create | Villager (Male) |
| 8:51 | Age | Feudal Age |
| 8:56 | Build | Stable |
| 9:01 | Research | Double-Bit Axe |
| 9:10 | Create | Spearman |
| 9:13 | Create | Villager (Male) |
| 9:29 | Create | Villager (Male) |
| 9:37 | Create | Spearman |
| 9:40 | Create | Scout Cavalry |
| 9:40 | Create | Scout Cavalry |
| 9:43 | Build | House |
| 9:51 | Build | Mill |
| 9:56 | Create | Scout Cavalry |
| 9:57 | Create | Villager (Male) |
| 10:06 | Create | Scout Cavalry |
| 10:26 | Build | Farm |
| 10:28 | Build | Farm |
| 10:40 | Build | Farm |
| 10:48 | Build | Farm |
| 10:55 | Create | Scout Cavalry |
| 10:56 | Create | Villager (Male) |
| 11:06 | Build | House |
| 11:17 | Create | Villager (Male) |
| 11:19 | Build | Farm |
| 11:32 | Build | House |
| 11:34 | Create | Scout Cavalry |
| 11:36 | Create | Villager (Male) |
| 12:08 | Create | Villager (Male) |
| 12:16 | Build | Mining Camp |
| 12:28 | Create | Scout Cavalry |
| 12:33 | Build | Farm |
| 12:35 | Create | Villager (Male) |
| 13:04 | Create | Villager (Male) |
| 13:16 | Create | Villager (Male) |
| 13:25 | Build | Watch Tower |
| 13:33 | Create | Scout Cavalry |
| 13:49 | Build | Archery Range |
| 14:00 | Build | Farm |
| 14:04 | Build | House |
| 14:08 | Create | Villager (Male) |
| 14:26 | Create | Villager (Male) |
| 14:35 | Build | Palisade Wall |
| 14:35 | Build | Palisade Wall |
| 14:36 | Build | Palisade Wall |
| 14:41 | Build | Farm |
| 14:45 | Build | Palisade Wall |
| 14:45 | Create | Archer |
| 14:49 | Create | Villager (Male) |
| 14:49 | Create | Villager (Male) |
| 14:52 | Build | House |
| 14:53 | Build | House |
| 14:55 | Build | House |
| 15:07 | Create | Villager (Male) |
| 15:07 | Create | Archer |
| 15:17 | Build | Farm |
| 15:20 | Build | Palisade Wall |
| 15:45 | Create | Villager (Male) |
| 15:52 | Create | Archer |
| 15:56 | Create | Villager (Male) |
| 16:04 | Build | Farm |
| 16:09 | Create | Archer |
| 16:09 | Create | Archer |
| 16:15 | Create | Villager (Male) |
| 16:27 | Create | Villager (Male) |
| 16:30 | Build | Palisade Wall |
| 16:32 | Build | Farm |
| 16:34 | Build | Farm |
| 16:37 | Create | Archer |
| 16:59 | Create | Archer |
| 17:26 | Build | Blacksmith |
| 17:29 | Create | Archer |
| 17:35 | Create | Villager (Male) |
| 17:35 | Create | Villager (Male) |
| 17:44 | Create | Villager (Male) |
| 17:51 | Build | Mining Camp |
| 17:56 | Research | Fletching |
| 17:57 | Create | Villager (Male) |
| 18:20 | Build | Farm |
| 18:29 | Build | Mining Camp |
| 18:35 | Create | Villager (Male) |
| 18:43 | Build | Palisade Wall |
| 18:45 | Build | Palisade Wall |
| 18:47 | Build | Palisade Wall |
| 18:47 | Create | Villager (Male) |
| 18:48 | Create | Archer |
| 18:48 | Create | Archer |
| 18:58 | Build | House |
| 19:03 | Build | House |
| 19:13 | Create | Villager (Male) |
| 19:16 | Create | Villager (Male) |
| 19:23 | Create | Archer |
| 19:38 | Build | Palisade Wall |
| 19:51 | Create | Villager (Male) |
| 20:01 | Build | Watch Tower |
| 20:05 | Build | Farm |
| 20:06 | Build | Farm |
| 20:08 | Build | Mill |
| 20:14 | Build | Farm |
| 20:18 | Create | Archer |
| 20:23 | Build | House |
| 20:34 | Create | Archer |
| 20:49 | Create | Villager (Male) |
| 21:00 | Create | Archer |
| 21:00 | Create | Archer |
| 21:02 | Create | Villager (Male) |
| 21:10 | Build | Lumber Camp |
| 21:21 | Create | Villager (Male) |
| 21:39 | Create | Archer |
| 21:39 | Create | Archer |
| 21:47 | Build | Farm |
| 22:06 | Create | Villager (Male) |
| 22:14 | Build | House |
| 22:24 | Create | Archer |
| 22:36 | Create | Villager (Male) |
| 22:47 | Build | Watch Tower |
| 22:55 | Create | Archer |
| 22:55 | Create | Archer |
| 22:58 | Create | Villager (Male) |
| 22:58 | Create | Villager (Male) |
| 23:01 | Create | Villager (Male) |
| 23:40 | Create | Archer |
| 23:41 | Create | Archer |
Match timeline
| 7:44 | Gabi · first_building Barracks |
| 7:50 | mentalist_ · first_building Barracks |
| 8:51 | Gabi · age_up feudal |
| 8:52 | mentalist_ · age_up feudal |
| 8:56 | Gabi · first_building Stable |
| 12:30 | mentalist_ · wall_segment Palisade Wall x1 |
| 12:31 | mentalist_ · wall_segment Palisade Wall x1 |
| 12:31 | mentalist_ · wall_segment Palisade Wall x1 |
| 13:49 | Gabi · first_building Archery Range |
| 14:35 | Gabi · wall_segment Palisade Wall x1 |
| 14:35 | Gabi · wall_segment Palisade Wall x1 |
| 14:36 | Gabi · wall_segment Palisade Wall x1 |
| 14:45 | Gabi · wall_segment Palisade Wall x5 |
| 15:20 | Gabi · wall_segment Palisade Wall x16 |
| 16:30 | Gabi · wall_segment Palisade Wall x11 |
| 18:43 | Gabi · wall_segment Palisade Wall x1 |
| 18:45 | Gabi · wall_segment Palisade Wall x1 |
| 18:47 | Gabi · wall_segment Palisade Wall x5 |
| 19:38 | Gabi · wall_segment Palisade Wall x1 |
| 22:00 | mentalist_ · wall_segment Palisade Wall x1 |
| 27:30 | Gabi · first_market_sell 100 wood |
| 27:30 | Gabi · first_market_buy 100 food |
| 27:35 | mentalist_ · first_market_buy 100 stone |
| 27:47 | Gabi · wall_segment Palisade Wall x1 |
| 28:14 | Gabi · wall_segment Palisade Wall x1 |
| 28:15 | Gabi · wall_segment Palisade Wall x1 |
| 28:15 | Gabi · wall_segment Palisade Wall x1 |
| 28:50 | Gabi · wall_segment Stone Wall x1 |
| 29:48 | mentalist_ · first_market_sell 100 food |
| 30:31 | Gabi · age_up castle |
| 30:34 | Gabi · first_building Castle |
| 35:24 | mentalist_ · age_up castle |
| 35:38 | mentalist_ · resign |
[ AI ANALYSIS · 1 CREDIT ]
What really happened in this match?
Wolo.gg analyzes every decision: build order, eco, micro, common mistakes by bracket. Personalized analysis on WhatsApp or Discord in 30 seconds.
Civ guide
Romans
Perfil
Mentalist